 Dungeon Crawl Stone Soup version 0.22.1-2-g9c5b331 (webtiles) character file.

207 Gildeon the Magician (level 5, -5/28 HPs)
             Began as a Deep Elf Fire Elementalist on Dec 25, 2018.
             Killed from afar by an orc wizard (9 damage)
             ... with a puff of frost
             ... on level 3 of the Dungeon.
             The game lasted 00:15:43 (2490 turns).

Gildeon the Magician (Deep Elf Fire Elementalist)   Turns: 2490, Time: 00:15:43

Health: -5/28      AC:  3    Str:  5    XL:     5   Next: 54%
Magic:  11/23      EV: 13    Int: 21    God:
Gold:   147        SH:  0    Dex: 15    Spells: 4/14 levels left

rFire    . . .     SeeInvis .   l - +1 dagger (holy)
rCold    . . .     Gourm    .   (no shield)
rNeg     + . .     Faith    .   e - +1 robe {rN+}
rPois    .         Spirit   .   (no helmet)
rElec    .         Reflect  .   (no cloak)
rCorr    .         Harm     .   (no gloves)
MR       .....                  (no boots)
Stlth    ++........             (no amulet)
HPRegen  0.09/turn              k - ring of magical power
MPRegen  0.18/turn              (no ring)

@: no status effects
A: no striking features
a: no special abilities


You were on level 3 of the Dungeon.
You were not hungry.

You visited 1 branch of the dungeon, and saw 3 of its levels.

You collected 147 gold pieces.

Inventory:

Hand Weapons
 l - a +1 dagger of holy wrath (weapon)
Armour
 e - a +1 robe of positive energy (worn)
Jewellery
 k - a ring of magical power (left hand)
Scrolls
 a - 2 scrolls of blinking
 f - 3 scrolls of remove curse
Potions
 b - 2 potions of berserk rage {unknown}
 d - a potion of resistance {unknown}
 g - a potion of haste {unknown}
 h - a potion of flight {unknown}
 i - 2 potions of curing {unknown}
Comestibles
 c - 4 rations
 j - 4 chunks of flesh


   Skills:
 - Level 2.4 Dodging
 - Level 2.4 Stealth
 - Level 5.1 Spellcasting
 + Level 3.5 Conjurations
 + Level 4.8 Fire Magic


You had 4 spell levels left.
You knew the following spells:

 Your Spells              Type           Power        Failure   Level  Hunger
a - Flame Tongue          Conj/Fire      ###..        1%          1    None
b - Throw Flame           Conj/Fire      ###...       3%          2    None
c - Conjure Flame         Conj/Fire      ###.....     6%          3    ##.....
d - Sticky Flame          Conj/Fire      ###.....     19%         4    ####...

Your spell library contained the following spells:

 Spells                   Type           Power        Failure   Level  Hunger
 Inner Flame              Hex/Fire       ###.....     12%         3    ##.....
 Fireball                 Conj/Fire      ###.......   47%         5    #####..


Dungeon Overview and Level Annotations

Branches:
Dungeon (3/15)

Altars:
Makhleb
Trog
Xom


Message History

The puff of frost hits you!
* * * LOW HITPOINT WARNING * * *
Casting: Flame Tongue (safe; 1% risk of failure)
Confirm with . or Enter, or press ? or * to list all spells.
Okay, then.
Casting: Flame Tongue (safe; 1% risk of failure)
Confirm with . or Enter, or press ? or * to list all spells.
Aiming: Flame Tongue (safe; 1% risk of failure)
Press: ? - help, Shift-Dir - straight line The flame tongue hits something.
Something hits you.
* * * LOW HITPOINT WARNING * * *
Casting: Flame Tongue (safe; 1% risk of failure)
Confirm with . or Enter, or press ? or * to list all spells.
Aiming: Flame Tongue (safe; 1% risk of failure)
Press: ? - help, Shift-Dir - straight line Something hits you but does no damage.
You hear some strange, mumbled words.
A puff of frost appears from out of thin air!
The puff of frost hits you!
You die...

##########
.........#############
#######.........@.{[.#
#............####.#
#(##....####.# #.#
#.###...# #.# #.# #.#
##### #.# #.# #<# #.#
#.# #(# #.# #.. #.#
#.# ### ####)#######


There were no monsters in sight!

Vanquished Creatures
  An orc priest (D:3)
  Jessica (D:3)
  7 adders
  An ooze (D:2)
  4 worms
  4 leopard geckos
  7 orcs (D:3)
  6 bats
  4 giant cockroaches
  6 goblins
  11 hobgoblins
  3 kobolds (D:1)
  2 ball pythons
  7 rats
64 creatures vanquished.

Notes
Turn   | Place    | Note
-------+----------+-------------------------------------------
     0 | D:1      | Gildeon the Deep Elf Fire Elementalist began the quest for
                  | the Orb.
     0 | D:1      | Reached XP level 1. HP: 10/10 MP: 6/6
   298 | D:1      | Reached XP level 2. HP: 15/15 MP: 6/8
   312 | D:1      | Learned a level 2 spell: Throw Flame
   943 | D:2      | Reached XP level 3. HP: 16/19 MP: 3/10
  1140 | D:2      | Learned a level 3 spell: Conjure Flame
  1149 | D:2      | Reached skill level 4 in Spellcasting
  1478 | D:2      | Reached XP level 4. HP: 24/24 MP: 9/12
  1491 | D:2      | Learned a level 4 spell: Sticky Flame
  1914 | D:3      | Noticed Jessica
  1927 | D:3      | Killed Jessica
  2017 | D:3      | Found a bloodstained altar of Trog.
  2017 | D:3      | Found a burning altar of Makhleb.
  2021 | D:3      | Reached XP level 5. HP: 28/28 MP: 11/14
  2052 | D:3      | Found a shimmering altar of Xom.
  2477 | D:3      | Reached skill level 5 in Spellcasting
  2490 | D:3      | Killed from afar by an orc wizard

Skill      XL: |  1  2  3  4  5 |
---------------+----------------+-----
Conjurations   | 2 3 |  3.5
Spellcasting   | 4 5 |  5.1
Fire Magic     | 4 |  4.8
Dodging        | |  2.4
Stealth        | |  2.4

Action                   |  1- 3 |  4- 6 || total
-------------------------+-------+-------++-------
Melee: Dagger            |     1 |       ||     1
 Cast: Flame Tongue      |    60 |    84 ||   144
       Throw Flame       |       |     4 ||     4
  Use: Scroll            |     5 |     1 ||     6
  Eat: Chunk             |     1 |     4 ||     5
Armor: Robe              |     5 |     7 ||    12
Dodge: Dodged            |    19 |    22 ||    41
